 Dungeon Crawl Stone Soup version 0.25-a0-294-gea9b1ad378 (webtiles) character file.

Game seed: 10893860448018164030, levelgen mode: deterministic

3 MrRokkomies the Magician (level 1, -2/13 HPs)
             Began as a Gnoll Wanderer on Dec 16, 2019.
             Slain by a hobgoblin (4 damage)
             ... on level 1 of the Dungeon.
             The game lasted 00:01:09 (134 turns).

MrRokkomies the Magician (Gnoll Wanderer)            Turns: 134, Time: 00:01:10

Health: -2/13      AC:  2    Str: 15    XL:     1   Next: 50%
Magic:  6/6        EV: 11    Int: 12    God:
Gold:   18         SH:  3    Dex: 15    Spells: 8/9 levels left

rFire    . . .     SeeInvis .   a - +0 club
rCold    . . .     Gourm    .   (no shield)
rNeg     . . .     Faith    .   d - +0 robe
rPois    .         Spirit   .   (no helmet)
rElec    .         Reflect  +   (no cloak)
rCorr    .         Harm     .   (no gloves)
MR       .....                  (no boots)
Stlth    +.........             g - +3 amulet of reflection
HPRegen  0.04/turn              (no ring)
MPRegen  0.10/turn              (no ring)

@: no status effects
A: distributed training, fangs 1, strong nose
a: no special abilities


You were on level 1 of the Dungeon.
You were not hungry.

You visited 1 branch of the dungeon, and saw 1 of its levels.

You collected 18 gold pieces.

Inventory:

Hand Weapons
 a - a +0 club (weapon)
Missiles
 b - 22 arrows
 c - 9 poisoned darts (quivered)
Armour
 d - a +0 robe (worn)
Jewellery
 g - a +3 amulet of reflection (around neck)
Scrolls
 h - a scroll of fog {unknown}
Potions
 e - a potion of curing {unknown}
Comestibles
 f - a ration


   Skills:
 + Level 0.0 Fighting
 + Level 0.0 Short Blades
 + Level 0.0 Long Blades
 + Level 0.0 Axes
 + Level 0.0 Maces & Flails
 + Level 0.0 Polearms
 + Level 0.0 Staves
 + Level 0.0 Slings
 + Level 0.0 Bows
 + Level 0.0 Crossbows
 + Level 2.3 Throwing
 + Level 0.0 Armour
 + Level 0.0 Dodging
 + Level 0.0 Stealth
 + Level 2.3 Shields
 + Level 0.0 Unarmed Combat
 + Level 4.8 Spellcasting
 + Level 0.0 Conjurations
 + Level 0.0 Hexes
 + Level 3.6 Charms
 + Level 3.6 Summonings
 + Level 1.9 Necromancy
 + Level 0.0 Translocations
 + Level 0.0 Transmutations
 + Level 0.0 Fire Magic
 + Level 1.9 Ice Magic
 + Level 0.0 Air Magic
 + Level 0.0 Earth Magic
 + Level 0.0 Poison Magic
 + Level 0.1 Invocations
 + Level 0.0 Evocations


You had 8 spell levels left.
You knew the following spells:

 Your Spells              Type           Power        Failure   Level  Hunger
a - Freeze                Ice            #...         9%          1    None

Your spell library contained the following spells:

 Spells                   Type           Power        Failure   Level  Hunger
 Infusion                 Chrm           ##..         4%          1    None
 Song of Slaying          Chrm           ##......     7%          2    ##.....
 Shroud of Golubria       Chrm/Tloc      #.....       14%         2    ##.....
 Ozocubu's Armour         Chrm/Ice       #.......     19%         3    ###....
 Regeneration             Chrm/Necr      #.........   19%         3    ###....
 Sandblast                Erth           #.....       21%         1    None
 Spectral Weapon          Hex/Chrm       #.......     28%         3    ###....
 Stone Arrow              Conj/Erth      #.....       52%         3    ###....


Dungeon Overview and Level Annotations

Branches:
Dungeon (1/15)

Altars:


Innate Abilities, Weirdness & Mutations

Your experience applies equally to all skills.
You have very sharp teeth.
Your uncanny sense of smell can sniff out nearby items.


Message History

The hobgoblin hits you.
You are too injured to fight recklessly!
You are too injured to fight recklessly!
You are too injured to fight recklessly!
You are too injured to fight recklessly!
You closely miss the hobgoblin.
You bite the hobgoblin, but do no damage.
The hobgoblin is almost dead.
The hobgoblin completely misses you.
You closely miss the hobgoblin.
The hobgoblin is severely wounded.
You block the hobgoblin's attack. The hobgoblin hits you.
* * * LOW HITPOINT WARNING * * *
You barely miss the hobgoblin.
The hobgoblin is severely wounded.
The hobgoblin closely misses you.
You closely miss the hobgoblin.
The hobgoblin is heavily wounded.
The hobgoblin hits you.
You die...

#.# ##.# #. ...# ..# #.#
##.#∆#####.# #.# #.#
#..<#.###.##
#.###.###.##...##
#.....# ........
##.###.###.##...####.##
...#.#...#.###..@g....#
####.#####.....#####..#
...........##.#.####..##
..###...##.#.###........
......####.##.#....#..##
#.##.## #...........(#
#.##.# #####.###.#..#
#.##.# #.# .# .# #.##.#
#.# .# #


You could see a hobgoblin.

Vanquished Creatures
  A hobgoblin (D:1)
  A frilled lizard (D:1)
  A goblin (D:1)
  A kobold (D:1)
4 creatures vanquished.

Notes
Turn   | Place    | Note
-------+----------+-------------------------------------------
     0 | D:1      | MrRokkomies the Gnoll Wanderer began the quest for the Orb.
     0 | D:1      | MrRokkomies set off with the following items: a +0 club, a
                  | +0 robe, a ration; and the following spells available to
                  | memorise: Infusion, Song of Slaying, Freeze, Shroud of
                  | Golubria, Ozocubu's Armour, Regeneration, Sandblast,
                  | Spectral Weapon, Stone Arrow
     0 | D:1      | Reached XP level 1. HP: 13/13 MP: 6/6
     2 | D:1      | Learned a level 1 spell: Freeze
   134 | D:1      | Slain by a hobgoblin

Levels and vault maps discovered:
D:1:      evilmike_arrival_hilbert_curve, layout_loops_ring,
          minmay_stone_trees_medium

Action                   || total
-------------------------++-------
Melee: Club              ||    15
       Bite              ||     1
Throw: Dart              ||     2
Armor: Robe              ||     3
Dodge: Dodged            ||     8
Block: Other             ||     3

Table legend:
 A = Non-vault XP
 B = Vault XP
 C = Vault XP percentage of total XP
 D = Non-vault monster count
 E = Vault monster count
 F = Vault count percentage of total count
                 A         B        C        D         E       F
            +---------+---------+-------+---------+---------+-------
      Total |       5 |       0 |   0.0 |       4 |       0 |   0.0
            +---------+---------+-------+---------+---------+-------
        D:1 |       5 |       0 |   0.0 |       4 |       0 |   0.0
            +---------+---------+-------+---------+---------+-------
